 Dungeon Crawl Stone Soup version 0.30.1-11-g7821555f0a (webtiles) character file.

Game seed: 8315913912711813552

89 jagang the Slasher (level 4, -2/38 HPs)
             Began as a Barachi Monk on Nov 14, 2023.
             Slain by a water moccasin (5 damage)
             ... on level 4 of the Dungeon.
             The game lasted 00:06:39 (2431 turns).

jagang the Slasher (Barachi Monk)                   Turns: 2431, Time: 00:06:39

Health: -2/38      AC:  5    Str: 12    XL:     4   Next: 55%
Magic:  4/4        EV: 11    Int: 10    God:
Gold:   97         SH:  0    Dex: 17    Spells: 3/3 levels left

rFire   . . .        a - +0 falchion
rCold   . . .        d - orb {light}
rNeg    . . .        j - +0 ring mail
rPois   .            (no helmet)
rElec   .            (no cloak)
rCorr   .            (no gloves)
SInv    .            (no boots)
Will    .....        (no amulet)
Stlth   +            (no ring)
HPRegen 0.26/turn    (no ring)
MPRegen 0.09/turn

%: no passive effects
@: unable to hop, glowing, slow
A: amphibious, slowness 1, strong legs 1, +LOS
a: Hop


You were on level 4 of the Dungeon.
You visited 1 branch of the dungeon, and saw 4 of its levels.

You collected 141 gold pieces.
You spent 44 gold pieces at shops.

Inventory:

Hand Weapons
 a - a +0 falchion (weapon)
Armour
 d - an orb of light (worn)
 j - a +0 ring mail (worn)
Scrolls
 e - a scroll of amnesia {unknown}
 f - a scroll of vulnerability {unknown}
 g - a scroll of brand weapon {unknown}
 h - a scroll of poison {unknown}
 i - 2 scrolls of teleportation {unknown}
 k - a scroll of torment {unknown}
 m - a scroll of fog {unknown}
 o - a scroll of butterflies {unknown}
 p - a scroll of identify {unknown}
 q - a scroll of fear {unknown}
Potions
 b - a potion of flight
 n - a potion of lignification {unknown}


   Skills:
 + Level 4.4 Fighting
 * Level 5.1 Long Blades
 + Level 2.1 Armour
 - Level 3.2 Dodging


You had 3 spell levels left.
You didn't know any spells.
Your spell library contained the following spells:

 Spells                   Type           Power      Damage    Failure   Level
 Slow                     Hex            0%         N/A       63%         1
 Confusing Touch          Hex            0%         N/A       94%         3
 Vampiric Draining        Necr           0%         2d6       94%         3


Dungeon Overview and Level Annotations

Branches:
Dungeon (4/15)
 Temple: D:4-7

Altars:

Shops:
D:1 ![:((   D:3 :


Innate Abilities, Weirdness & Mutations

You are amphibious.
You cover ground slowly.
You can hop short distances.
You have an extended range of vision and can be seen from far away.


Message History

The water moccasin is lightly wounded.
* * * LOW HITPOINT WARNING * * *
You feel very sick. The water moccasin bites you.
* * * LOW HITPOINT WARNING * * *
The quokka bites you.
* * * LOW HITPOINT WARNING * * *
The water moccasin closely misses you. The quokka barely misses you.
It was a potion of heal wounds.
You feel much better.
You feel sick. The water moccasin barely misses you. The quokka bites you.
You bump into the rock wall.
You feel sick. The water moccasin bites you. The quokka closely misses you.
The water moccasin bites you.
You bump into the rock wall.
You feel sick. The quokka bites you. The water moccasin bites you.
You bump into the rock wall.
You feel sick. The quokka bites you. The water moccasin misses you.
The quokka bites you.
You hit the quokka.
You kill the quokka!
You feel less invigorated.
You feel less confused.
You feel sick. The water moccasin bites you.
The water moccasin closely misses you.
You hit the water moccasin.
The water moccasin is moderately wounded.
You feel sick. The water moccasin bites you!
You slash the water moccasin!
The water moccasin is heavily wounded.
You feel sick. The water moccasin bites you!
* * * LOW HITPOINT WARNING * * *
The water moccasin misses you.
Okay, then.
You hit the water moccasin but do no damage.
The water moccasin is heavily wounded.
You feel sick.
You are no longer poisoned.
The water moccasin bites you but does no damage.
You closely miss the water moccasin.
The water moccasin is heavily wounded.
The water moccasin bites you.
You die...

##...## ##.....#
###$ ....... ....
..... ...#
####...##...###
>. .(.#.........>
#( #..)........
#. ##S.†.......
#. #@.###...###
#. #.## .# #. #.#
#.#####.#####.#
#.#.............#
#.....###.#######
#####.# #.# #.#
#.# #.# #.#


You could see a water moccasin.

Vanquished Creatures
  2 adders
  2 worms (D:2)
  2 dart slugs
  7 orcs
  6 bats
  3 endoplasms
  2 giant cockroaches
  3 hobgoblins
  7 quokkas
  7 ball pythons
  3 frilled lizards
  5 goblins
  2 kobolds
  2 rats
53 creatures vanquished.

Notes
Turn   | Place    | Note
-------+----------+-------------------------------------------
     0 | D:1      | jagang the Barachi Monk began the quest for the Orb.
     0 | D:1      | Reached XP level 1. HP: 18/18 MP: 1/1
   140 | D:1      | Found Ynuph's Distillery.
   147 | D:1      | Bought a potion of degeneration for 11 gold pieces
   158 | D:1      | Found Wepiufu's Book Emporium.
   252 | D:1      | Reached XP level 2. HP: 25/25 MP: 2/2
   295 | D:1      | Reached skill level 4 in Long Blades
   360 | D:1      | Found Weihatz's Weapon Shop.
   373 | D:1      | Reached skill level 1 in Armour
   466 | D:1      | Found a faded altar of an unknown god.
   485 | D:1      | Found Kaugemee's Weapon Shoppe.
   555 | D:1      | Found Cisch's Antique Armour Shoppe.
   572 | D:1      | Reached XP level 3. HP: 21/30 MP: 3/3
   921 | D:1      | Bought a potion of flight for 33 gold pieces
   955 | D:2      | You fall into a shaft and drop 2 floors!
  1094 | D:3      | Found Imice's Book Shoppe.
  1854 | D:3      | Reached XP level 4. HP: 23/37 MP: 4/4
  1946 | D:3      | Reached skill level 5 in Long Blades
  2412 | D:4      | Noticed a water moccasin
  2431 | D:4      | Slain by a water moccasin

Illustrated notes

Levels and vault maps discovered:
D:1:      wander_arrival_desolate, layout_loops_ring,
          nicolae_ecumenical_snake_handling, serial_shops,
          nicolae_shop_hallway_plus, shop_fountains, shop, nicolae_diamond_shop,
          nicolae_shop_advertising_works [nicolae_subvault_shop_adworks],
          wad_floor_pattern_untrapped
D:2:      layout_basic
D:3:      layout_basic, serial_shops, shop
D:4:      layout_loops_ring

Skill      XL: |  1  2  3  4 |
---------------+-------------+-----
Long Blades    | 4 5 |  5.1
Armour         | 1 2 |  2.1
Fighting       | 4 |  4.4
Dodging        | |  3.2

Action                     |  1- 3 |  4- 6 || total
---------------------------+-------+-------++-------
  Melee: Falchion          |   126 |    30 ||   156
Ability: Hop               |     1 |     1 ||     2
    Use: Potion            |       |     2 ||     2
 Armour: Robe              |     9 |       ||     9
         Ring mail         |    21 |     9 ||    30
  Dodge: Dodged            |    83 |    17 ||   100
